[Event "Titled Tuesday Blitz May 4 2021"]
[White "DieHardCuban"]
[Black "Ptacnikova, Lenka"]
[BlackFideId "305650"]
[WhiteElo "2405"]
[BlackElo "1984"]
[Result "1-0"]
[Round "10"]
[TimeControl "180+1"]
[Date "2021.05.04"]
[WhiteClock "0:00:10"]
[BlackClock "0:00:02"]

1. d4 Nf6 2. c4 e6 3. Nc3 d5 4. cxd5 exd5 5. Bg5 Be7 6. e3 O-O 7. Bd3 c6 8. Nge2 Bg4 9. Qc2 Nbd7 10. Nf4 Ne4 11. Bxe7 Qxe7 12. Nxe4 dxe4 13. Bxe4 h6 14. O-O Rfe8 15. Bd3 Nf6 16. Rfe1 Rad8 17. Rac1 g5 18. Ne2 Nd5 19. Bc4 Kg7 20. Ng3 Qd6 21. a3 h5 22. Be2 Ne7 23. Qc3 f6 24. h3 Bxe2 25. Rxe2 h4 26. Ne4 Qc7 27. Nc5 Qc8 28. Qb3 b6 29. Ne6+ Kg6 30. Nxd8 Rxd8 31. Qc2+ Kg7 32. Qc3 Qd7 33. Qc4 Qd6 34. Rec2 Rd7 35. b4 1-0


[Site "https://www.chess.com"]

[Event "Titled Tuesday Blitz May 4 2021"]
[White "Dobrov, Vladimir"]
[Black "Ivanisevic, Ivan"]
[WhiteFideId "4136594"]
[BlackFideId "912417"]
[WhiteElo "2614"]
[BlackElo "2525"]
[Result "0-1"]
[Round "10"]
[TimeControl "180+1"]
[Date "2021.05.04"]
[WhiteClock "0:00:38"]
[BlackClock "0:00:44"]

1. d4 Nf6 2. c4 c5 3. d5 b5 4. Qc2 b4 5. e4 d6 6. f4 g6 7. a3 Bg7 8. axb4 cxb4 9. Nf3 O-O 10. Bd3 Nbd7 11. Be3 a5 12. Nbd2 e5 13. dxe6 fxe6 14. c5 Ng4 15. Bg1 Nxc5 16. Bxc5 dxc5 17. Nc4 Rxf4 18. h3 Nf6 19. e5 Nd5 20. h4 Ba6 21. b3 Ne3 22. Qd2 Bxc4 23. bxc4 Rxf3 24. gxf3 Qd4 25. Ra4 Bxe5 26. Be4 Qxd2+ 27. Kxd2 Nxc4+ 28. Ke2 Rd8 29. Rc1 Rd2+ 30. Kf1 Ne3+ 31. Ke1 Bc3 32. Rxc3 bxc3 33. Rxa5 Ng2+ 34. Kf1 c2 0-1


[Site "https://www.chess.com"]

[Event "Titled Tuesday Blitz May 4 2021"]
[White "Donatti, Alvaro"]
[Black "Batchimeg, Tuvshintugs"]
[WhiteFideId "3000303"]
[BlackFideId "4900839"]
[WhiteElo "2138"]
[BlackElo "2295"]
[Result "0-1"]
[Round "10"]
[TimeControl "180+1"]
[Date "2021.05.04"]
[WhiteClock "0:00:02"]
[BlackClock "0:00:13"]

1. e4 d5 2. d4 dxe4 3. f3 exf3 4. Nxf3 Nf6 5. Bc4 e6 6. O-O Be7 7. Nc3 O-O 8. Ne5 Nbd7 9. Bd3 Nxe5 10. dxe5 Qd4+ 11. Kh1 Qxe5 12. Bf4 Qc5 13. Qf3 e5 14. Be3 Qb4 15. Ne4 Bg4 16. Nxf6+ Bxf6 17. Qg3 h5 18. h3 e4 19. hxg4 exd3 20. Rxf6 gxf6 21. gxh5+ Kh7 22. Qf3 Qh4+ 23. Kg1 Rg8 24. Qd5 Raf8 25. Qxd3+ Kh8 26. Bd4 Rg4 27. Bc3 Qxh5 0-1


[Site "https://www.chess.com"]

[Event "Titled Tuesday Blitz May 4 2021"]
[White "Fier, Alexandr"]
[Black "Zhigalko, Sergei"]
[WhiteFideId "2107139"]
[BlackFideId "13502956"]
[WhiteElo "2569"]
[BlackElo "2662"]
[Result "0-1"]
[Round "10"]
[TimeControl "180+1"]
[Date "2021.05.04"]
[WhiteClock "0:00:01"]
[BlackClock "0:00:03"]

1. e4 c5 2. Nf3 Nc6 3. d4 cxd4 4. Nxd4 Nf6 5. Nc3 e5 6. Ndb5 d6 7. Bg5 a6 8. Na3 b5 9. Nd5 Be7 10. Bxf6 Bxf6 11. c3 Bg5 12. Nc2 Ne7 13. h4 Bh6 14. Ncb4 O-O 15. a4 bxa4 16. Rxa4 a5 17. Nxe7+ Qxe7 18. Nd5 Qd8 19. g3 Rb8 20. Ra2 Kh8 21. Bd3 Be6 22. Be2 f5 23. exf5 Bxf5 24. O-O Be4 25. b4 Qc8 26. Kh2 axb4 27. cxb4 Qb7 28. Ra5 Rbc8 29. Ba6 Qa7 30. Qe2 Bf3 31. Qa2 Rb8 32. Be2 Bxd5 33. Rxa7 Bxa2 34. Rxa2 Rxb4 35. Kg2 g6 36. Rd1 Rb6 37. Bf3 Rf7 38. Bd5 Rf8 39. f3 Be3 40. Kh3 Bd4 41. Rc2 Rb5 42. Bc6 Rc5 43. Rxc5 Bxc5 44. Bd5 Re8 45. Kg4 Re7 46. Rb1 Kg7 47. Rb8 h5+ 48. Kh3 Ra7 49. g4 hxg4+ 50. fxg4 Ra3+ 51. Kg2 Rd3 52. Be6 Rd2+ 53. Kf3 Kf6 54. Bd7 d5 55. Rc8 e4+ 56. Kf4 Bd6+ 57. Ke3 Rd3+ 58. Ke2 Bf4 59. g5+ Ke5 60. Bb5 Rd2+ 61. Ke1 Rh2 62. Rd8 Bg3+ 63. Kd1 Rxh4 64. Bc6 Rh1+ 65. Kd2 Bf4+ 66. Ke2 Rh2+ 67. Ke1 Rd2 68. Re8+ Kd4 69. Re6 Ke3 70. Kf1 Rd1+ 71. Kg2 Rd2+ 72. Kh3 Bxg5 73. Rxg6 Bf4 74. Re6 Kd4 75. Kg4 Be3 76. Rd6 Kc5 77. Re6 Rg2+ 78. Kh3 Rg5 79. Ba8 Bf4 80. Rf6 Be5 81. Ra6 Rg3+ 82. Kh4 Rg7 83. Ra5+ Kc4 84. Rxd5 Bg3+ 85. Kh3 e3 86. Rd8 e2 87. Re8 e1=Q 88. Re2 Qxe2 89. Bd5+ Kd4 90. Bf3 Qf1+ 91. Bg2 Qf2 0-1


[Site "https://www.chess.com"]

[Event "Titled Tuesday Blitz May 4 2021"]
[White "Gabdushev, Ruslan"]
[Black "Samarth, J Rao"]
[WhiteFideId "4137833"]
[BlackFideId "46652370"]
[WhiteElo "2312"]
[BlackElo "1514"]
[Result "1-0"]
[Round "10"]
[TimeControl "180+1"]
[Date "2021.05.04"]
[WhiteClock "0:01:12"]
[BlackClock "0:00:02"]

1. b3 e5 2. Bb2 Nc6 3. e3 Nf6 4. Bb5 d6 5. Ne2 Bd7 6. O-O a6 7. Bxc6 Bxc6 8. d4 e4 9. c4 d5 10. cxd5 Nxd5 11. Ng3 Nf6 12. Nd2 Bd6 13. Nc4 Bxg3 14. fxg3 O-O 15. Ne5 Bd5 16. Ba3 Re8 17. Rf4 Nd7 18. Ng4 f6 19. Qc2 h5 20. Nf2 g5 21. Rf5 Be6 22. Qxe4 Bxf5 23. Qxf5 Kg7 24. h4 Nf8 25. Rf1 Rxe3 26. hxg5 Rxg3 27. gxf6+ Qxf6 28. Qxf6+ Kxf6 29. Ne4+ Kg6 30. Nxg3 Ne6 31. d5 Ng5 32. Bc1 1-0


[Site "https://www.chess.com"]

[Event "Titled Tuesday Blitz May 4 2021"]
[White "Gabriel, Robert"]
[Black "Cella, Glaucio Dalla Cortt"]
[WhiteFideId "4606477"]
[BlackFideId "2119455"]
[WhiteElo "2203"]
[BlackElo "2011"]
[Result "1-0"]
[Round "10"]
[TimeControl "180+1"]
[Date "2021.05.04"]
[WhiteClock "0:00:20"]
[BlackClock "0:00:30"]

1. d4 Nf6 2. c4 e6 3. Nf3 Bb4+ 4. Bd2 Bxd2+ 5. Qxd2 O-O 6. Nc3 d5 7. e3 c6 8. Bd3 dxc4 9. Bxc4 b5 10. Bd3 Bb7 11. O-O a6 12. e4 c5 13. dxc5 b4 14. Na4 Nxe4 15. Bxe4 Bxe4 16. Qxb4 Bxf3 17. gxf3 Nc6 18. Qe4 Qg5+ 19. Kh1 Rac8 20. Rg1 Qd5 21. Qxd5 exd5 22. Nb6 Rcd8 23. Rad1 d4 24. Nc4 Rd5 25. Nb6 Rxc5 26. Nd7 Rc2 27. Nxf8 Kxf8 28. Rc1 d3 29. Rxc2 dxc2 30. Rc1 Nd4 31. Kg2 Ke7 32. Kf1 Kd6 33. Ke1 Nxf3+ 34. Ke2 Nd4+ 35. Kd3 Kc5 36. b4+ Kd5 37. a4 f5 38. f4 g6 39. a5 g5 40. fxg5 f4 41. Rxc2 Nxc2 42. Kxc2 Ke4 43. Kd2 Kf3 44. b5 Kg2 45. bxa6 f3 46. a7 f2 47. a8=Q+ Kg1 48. Qf3 f1=Q 49. Qxf1+ Kxf1 50. h4 Kg2 51. h5 1-0


[Site "https://www.chess.com"]

[Event "Titled Tuesday Blitz May 4 2021"]
[White "Garcia Fuentes, Sergio Miguel"]
[Black "Tokhirjonova, Gulrukhbegim"]
[WhiteFideId "7300549"]
[BlackFideId "14203626"]
[WhiteElo "2167"]
[BlackElo "2236"]
[Result "0-1"]
[Round "10"]
[TimeControl "180+1"]
[Date "2021.05.04"]
[WhiteClock "0:00:01"]
[BlackClock "0:00:15"]

1. Nf3 d5 2. g3 Nf6 3. Bg2 g6 4. O-O Bg7 5. d4 O-O 6. c4 dxc4 7. Na3 c5 8. dxc5 Qa5 9. Nxc4 Qxc5 10. b3 Nd5 11. Ba3 Qb5 12. Nd4 Qd7 13. Rc1 Rd8 14. Qd2 Nb6 15. Nf3 Qe8 16. Qc2 Nc6 17. Rfd1 Be6 18. Ng5 Bxc4 19. bxc4 Nd4 20. Qe4 e5 21. Bc5 Nc6 22. Be3 Rac8 23. c5 Nd7 24. Qc4 Nf6 25. Rd6 Rxd6 26. cxd6 Qd7 27. Rd1 Nd4 28. Qd3 Qxd6 0-1


[Site "https://www.chess.com"]

[Event "Titled Tuesday Blitz May 4 2021"]
[White "Garcia Garcia, Alejandro"]
[Black "Rojas Alarcon, Julian Antonio"]
[WhiteFideId "3516334"]
[BlackFideId "5107407"]
[WhiteElo "2131"]
[BlackElo "2333"]
[Result "0-1"]
[Round "10"]
[TimeControl "180+1"]
[Date "2021.05.04"]
[WhiteClock "0:00:24"]
[BlackClock "0:00:31"]

1. d4 Nf6 2. c4 e6 3. Nc3 Bb4 4. Nf3 b6 5. Bd2 Bb7 6. e3 O-O 7. Be2 Qe7 8. O-O d6 9. Rc1 Nbd7 10. a3 Bxc3 11. Bxc3 e5 12. b4 Ne4 13. Bb2 Rad8 14. Qb3 Ng5 15. Nxg5 Qxg5 16. d5 Bc8 17. f4 exf4 18. exf4 Qh6 19. Rc3 Nf6 20. Rg3 Rfe8 21. Bd1 Re4 22. Qc3 Kf8 23. Bf3 Re7 24. Qc2 Rde8 25. Bxf6 gxf6 26. Bg4 Bxg4 27. Rxg4 Re1 28. Qf5 Rxf1+ 29. Kxf1 Qxh2 30. Qd3 f5 31. Rg5 Qxf4+ 0-1


[Site "https://www.chess.com"]

[Event "Titled Tuesday Blitz May 4 2021"]
[White "Gelman, Alexander"]
[Black "Kubatko, Ivan"]
[WhiteFideId "4118316"]
[BlackFideId "24111473"]
[WhiteElo "2375"]
[BlackElo "2285"]
[Result "1-0"]
[Round "10"]
[TimeControl "180+1"]
[Date "2021.05.04"]
[WhiteClock "0:00:32"]
[BlackClock "0:00:05"]

1. d4 d5 2. Nc3 Nf6 3. Bf4 a6 4. e3 c5 5. Nf3 Nc6 6. Ne5 cxd4 7. exd4 Qb6 8. Nxc6 bxc6 9. Qd2 Qxb2 10. Rb1 Qa3 11. Bc7 e6 12. Bd3 Qe7 13. Qf4 g5 14. Qxg5 Rg8 15. Qe5 Ng4 16. Qf4 Bh6 17. Qd6 Qg5 18. f4 Qh4+ 19. g3 Qh3 20. Qd8# 1-0


[Site "https://www.chess.com"]

[Event "Titled Tuesday Blitz May 4 2021"]
[White "Girish, A. Koushik"]
[Black "Volkov, Maksim"]
[WhiteFideId "5038448"]
[BlackFideId "54123070"]
[WhiteElo "2387"]
[BlackElo "2113"]
[Result "0-1"]
[Round "10"]
[TimeControl "180+1"]
[Date "2021.05.04"]
[WhiteClock "0:00:06"]
[BlackClock "0:00:17"]

1. d4 Nf6 2. Bg5 Ne4 3. Bf4 c5 4. f3 Nf6 5. d5 d6 6. e4 g6 7. Nc3 Bg7 8. Qd2 Nbd7 9. Bh6 O-O 10. h4 Ne5 11. O-O-O b5 12. h5 b4 13. Nce2 Nxh5 14. Bxg7 Kxg7 15. g4 Bxg4 16. fxg4 Nxg4 17. Rxh5 gxh5 18. Ng3 Kh8 19. Nxh5 Rg8 20. Nf3 f6 21. Bh3 Qa5 22. Kb1 c4 23. Nd4 Ne5 24. Ne6 c3 25. Qf4 cxb2 26. Nxf6 Raf8 27. Nxf8 Rxf8 28. Bf5 Rxf6 29. Rh1 Rf7 30. Qh6 b3 31. cxb3 Qc3 32. Bxh7 Qd3+ 33. Kxb2 Qd4+ 34. Kb1 Qd3+ 35. Kb2 Rf2+ 36. Ka3 Qa6+ 37. Kb4 Qb6+ 38. Kc3 Qc5# 0-1


[Site "https://www.chess.com"]

[Event "Titled Tuesday Blitz May 4 2021"]
[White "Golizadeh, Asghar"]
[Black "Gombocz, Ferenc Jr."]
[WhiteFideId "12505269"]
[BlackFideId "775029"]
[WhiteElo "2403"]
[BlackElo "1913"]
[Result "0-1"]
[Round "10"]
[TimeControl "180+1"]
[Date "2021.05.04"]
[WhiteClock "0:00:49"]
[BlackClock "0:00:42"]

1. e4 e5 2. Nf3 Nf6 3. Nxe5 d6 4. Nf3 Nxe4 5. Nc3 Nxc3 6. dxc3 Be7 7. Bf4 O-O 8. Qd2 Nc6 9. O-O-O a5 10. Bd3 Be6 11. Kb1 a4 12. h3 Ra5 13. Rhe1 Bf6 14. a3 Re8 15. g4 h6 16. Rg1 Bd5 17. Nd4 Nxd4 18. cxd4 c6 19. g5 hxg5 20. Bxg5 Bxg5 21. Rxg5 Qxg5 22. f4 Qd8 23. c4 Be4 24. Bxe4 Rxe4 25. Rg1 Re6 26. f5 Rxf5 27. d5 cxd5 28. cxd5 Ref6 29. Re1 Rf1 0-1


[Site "https://www.chess.com"]

[Event "Titled Tuesday Blitz May 4 2021"]
[White "Golsta, Madara"]
[Black "Carrasco Miranda, Andres"]
[WhiteFideId "11607386"]
[BlackFideId "3405990"]
[WhiteElo "1880"]
[BlackElo "2177"]
[Result "1-0"]
[Round "10"]
[TimeControl "180+1"]
[Date "2021.05.04"]
[WhiteClock "0:00:24"]
[BlackClock "0:00:01"]

1. e4 c5 2. Nf3 d6 3. d4 cxd4 4. Nxd4 Nf6 5. Nc3 a6 6. Bd3 e5 7. Nde2 Be7 8. O-O O-O 9. a4 Nbd7 10. Nd5 Nxd5 11. exd5 f5 12. f4 e4 13. Bc4 Nf6 14. Nd4 Kh8 15. a5 Bd7 16. Kh1 Rc8 17. b3 Ng4 18. h3 Bf6 19. hxg4 Bxd4 20. Qxd4 Qh4+ 21. Kg1 fxg4 22. Rd1 g3 23. Bb2 Qh2+ 24. Kf1 Rxf4+ 25. Ke1 Rg8 26. Kd2 Qh6 27. Kc1 Rf1+ 28. Kb1 Rxd1+ 29. Qxd1 e3 30. Ka2 Qf4 31. Qe2 Bg4 32. Qd3 e2 33. Re1 Qf2 34. Qd2 Re8 35. Qc3 Re7 36. Bxe2 Bxe2 37. Qc8+ 1-0


[Site "https://www.chess.com"]

[Event "Titled Tuesday Blitz May 4 2021"]
[White "Grineva, Marianna"]
[Black "Melkevik, Johannes"]
[WhiteFideId "14102013"]
[BlackFideId "1501836"]
[WhiteElo "1925"]
[BlackElo "1727"]
[Result "1-0"]
[Round "10"]
[TimeControl "180+1"]
[Date "2021.05.04"]
[WhiteClock "0:00:35"]
[BlackClock "0:00:08"]

1. e4 c5 2. b4 cxb4 3. a3 d5 4. exd5 Nf6 5. Nf3 Nxd5 6. d4 Nc6 7. axb4 e5 8. c3 exd4 9. Nxd4 Nxd4 10. Qxd4 Be7 11. Bb5+ Kf8 12. O-O Bf6 13. Qc5+ Be7 14. Qc4 Be6 15. Qe2 g6 16. Bh6+ Kg8 17. Rd1 Qb6 18. Na3 Rc8 19. Rxd5 Bxd5 20. Qxe7 Qe6 21. Re1 a6 22. Bd7 Qxe7 23. Rxe7 Rd8 24. f3 Be6 25. Bxe6 fxe6 26. Nc4 e5 27. Nxe5 1-0


[Site "https://www.chess.com"]

[Event "Titled Tuesday Blitz May 4 2021"]
[White "Gritsenko, Nikolai"]
[Black "Tari, Aryan"]
[WhiteFideId "14112493"]
[BlackFideId "1510045"]
[WhiteElo "2389"]
[BlackElo "2656"]
[Result "0-1"]
[Round "10"]
[TimeControl "180+1"]
[Date "2021.05.04"]
[WhiteClock "0:00:05"]
[BlackClock "0:00:10"]

1. e4 c6 2. d4 d5 3. f3 g6 4. Nc3 Bg7 5. Be3 Qb6 6. Rb1 e5 7. Nge2 dxe4 8. Nxe4 Qc7 9. dxe5 Bxe5 10. Bd4 Ne7 11. Bxe5 Qxe5 12. Qd6 Qxd6 13. Nxd6+ Kf8 14. Kf2 Kg7 15. Nf4 Rd8 16. Rd1 Rf8 17. h4 Nf5 18. h5 Nxd6 19. Rxd6 Nd7 20. Bc4 Nb6 21. Bb3 Re8 22. h6+ Kg8 23. Rf6 Re7 24. Nxg6 hxg6 25. h7+ Kh8 26. Bxf7 Bf5 27. Bxg6 Bxg6 28. Rxg6 Rxh7 29. Rxh7+ Kxh7 30. Re6 Rb8 31. f4 Kg7 32. g4 Kf7 33. Rh6 Rg8 34. Kf3 Nd5 35. g5 Rg6 36. Rh7+ Rg7 37. Rh6 Rg6 38. Rh7+ Rg7 39. Rh6 Ke7 40. c4 Nc7 41. Ke4 Ne6 42. Ke5 Nc5 43. b4 Nd3+ 44. Kf5 Nxb4 45. g6 Nc2 46. Rh7 Nd4+ 47. Ke5 Ne6 48. f5 Rxh7 49. gxh7 Ng5 50. f6+ Kd7 51. Kf5 Nf7 52. Kg6 Ke6 53. Kg7 b5 54. cxb5 cxb5 55. Kg6 a5 56. Kh5 Kxf6 57. Kg4 Ke5 58. Kf3 b4 59. Ke2 Kd4 60. Kd2 Kc4 61. Kc2 a4 62. Kb2 b3 63. axb3+ axb3 64. Kb1 Kc3 65. Kc1 Nh8 66. Kb1 b2 67. Ka2 Kc2 68. Ka3 b1=Q 0-1


[Site "https://www.chess.com"]

[Event "Titled Tuesday Blitz May 4 2021"]
[White "Guimaraes, Diogo Duarte"]
[Black "Sikorova, Olga"]
[WhiteFideId "2112450"]
[BlackFideId "307033"]
[WhiteElo "2263"]
[BlackElo "2188"]
[Result "1-0"]
[Round "10"]
[TimeControl "180+1"]
[Date "2021.05.04"]
[WhiteClock "0:01:36"]
[BlackClock "0:00:18"]

1. e4 e6 2. d4 d5 3. Bd3 dxe4 4. Bxe4 Nf6 5. Bf3 Be7 6. Ne2 Nbd7 7. Be3 O-O 8. c4 c5 9. d5 Ne5 10. dxe6 Nxf3+ 11. gxf3 Bxe6 12. Qc2 Qc7 13. Nf4 Bd7 14. Nc3 Qe5 15. O-O-O Bf5 16. Qa4 a6 17. Rhe1 b5 18. Qb3 b4 19. Ncd5 Nxd5 20. Nxd5 Bh4 21. Bf4 Qxe1 22. Rxe1 Bxf2 23. Re2 Bd4 24. Ne7+ 1-0


[Site "https://www.chess.com"]

[Event "Titled Tuesday Blitz May 4 2021"]
[White "Gurevich, Dmitry"]
[Black "Rosenberg, Evan S"]
[WhiteFideId "2000407"]
[BlackFideId "2019299"]
[WhiteElo "2506"]
[BlackElo "2149"]
[Result "1-0"]
[Round "10"]
[TimeControl "180+1"]
[Date "2021.05.04"]
[WhiteClock "0:00:08"]
[BlackClock "0:00:23"]

1. e4 e5 2. Nf3 Nc6 3. Bc4 Nf6 4. d3 Bc5 5. c3 a6 6. a4 Ba7 7. O-O d6 8. Nbd2 O-O 9. Re1 Ng4 10. Re2 Kh8 11. h3 f5 12. exf5 Nh6 13. Nf1 Nxf5 14. Bd5 Qf6 15. Ne3 Qg6 16. Kh1 Nxe3 17. Bxe3 Bxe3 18. Rxe3 Qh6 19. Qe2 Ne7 20. Bb3 Nf5 21. Re4 Bd7 22. Bd5 c6 23. Bb3 Rae8 24. Re1 Rf6 25. d4 Rg6 26. Nh2 Rf8 27. dxe5 d5 28. Rg4 Rxg4 29. Nxg4 Qf4 30. e6 Be8 31. e7 Rf7 32. Qe5 Qxe5 33. Rxe5 g6 34. c4 Rxe7 35. cxd5 cxd5 36. Bxd5 Rxe5 37. Nxe5 b6 38. b3 Nd4 39. f4 Kg7 40. Kg1 Kf6 41. Kf2 g5 42. g3 gxf4 43. gxf4 Kf5 44. Ke3 Nc2+ 45. Kd3 Nb4+ 46. Kd4 Kxf4 47. Nc4 b5 48. Nd6 Bd7 49. a5 Bxh3 50. Bb7 Be6 51. Kc5 Nd3+ 52. Kb6 Bxb3 53. Bxa6 h5 54. Bxb5 Ne5 55. a6 Bd5 56. Nb7 Nc4+ 57. Bxc4 Bxc4 58. a7 h4 59. a8=Q h3 60. Qb8+ Kg4 61. Qh2 Bd5 62. Nd6 Bg2 63. Kc5 Kf3 64. Kd4 Kf2 65. Ne4+ Kf3 66. Nd2+ Kf2 67. Nc4 Kf3 68. Ne3 Kf2 69. Nf5 Kf3 70. Nh4+ Kf2 71. Kd3 Kf1 72. Ke3 Ke1 73. Nf5 Kf1 74. Ng3+ Ke1 75. Qg1+ Bf1 76. Qf2+ Kd1 77. Qd2# 1-0


[Site "https://www.chess.com"]

[Event "Titled Tuesday Blitz May 4 2021"]
[White "Ibrayev, Nurlan"]
[Black "Vivas Zamora, Fabian Ernesto"]
[WhiteFideId "13700650"]
[BlackFideId "3902480"]
[WhiteElo "2366"]
[BlackElo "1966"]
[Result "1-0"]
[Round "10"]
[TimeControl "180+1"]
[Date "2021.05.04"]
[WhiteClock "0:00:30"]
[BlackClock "0:00:01"]

1. d4 Nf6 2. c4 g6 3. Nc3 d5 4. Bg5 Bg7 5. Bxf6 Bxf6 6. cxd5 c6 7. Rc1 O-O 8. dxc6 Qxd4 9. Qxd4 Bxd4 10. c7 Nc6 11. Nf3 Bb6 12. e3 Bxc7 13. Be2 Rd8 14. h3 Ba5 15. a3 Be6 16. b4 Bb6 17. Na4 Bb3 18. Nc5 Bxc5 19. Rxc5 Rd6 20. O-O Rad8 21. b5 Na5 22. Nd4 b6 23. Rc7 R6d7 24. Rfc1 e5 25. Rxd7 Rxd7 26. Rc8+ Kg7 27. Nc6 Kf6 28. Bg4 Be6 29. Bxe6 1-0


[Site "https://www.chess.com"]

[Event "Titled Tuesday Blitz May 4 2021"]
[White "Iljushina, Olga"]
[Black "Matveeva, Olga"]
[WhiteFideId "4152280"]
[BlackFideId "24107018"]
[WhiteElo "1967"]
[BlackElo "2108"]
[Result "1-0"]
[Round "10"]
[TimeControl "180+1"]
[Date "2021.05.04"]
[WhiteClock "0:00:38"]
[BlackClock "0:00:03"]

1. d4 Nf6 2. c4 e6 3. Nc3 Bb4 4. e3 O-O 5. Bd3 d5 6. Nf3 c5 7. O-O cxd4 8. exd4 dxc4 9. Bxc4 b6 10. Bg5 Bb7 11. Ne5 Be7 12. Re1 Nc6 13. Nxf7 Rxf7 14. Bxe6 Qxd4 15. Qb3 Rf8 16. Rad1 Qc5 17. Bxf6 Bxf6 18. Ne4 Qh5 19. Nd6 Nd4 20. Bxf7+ Qxf7 21. Qxf7+ Rxf7 22. Re8+ Rf8 23. Rxf8+ Kxf8 24. Nxb7 Ke7 25. a4 a5 26. b4 axb4 27. a5 bxa5 28. Nxa5 b3 29. Rb1 Ne2+ 30. Kf1 Nf4 31. Rxb3 Nd5 32. g3 h6 33. Ke2 Ke6 34. Nc4 Kf5 35. Ne3+ Nxe3 36. Rxe3 Kg6 37. f4 h5 38. Kf3 Kf5 39. h3 Kg6 40. g4 hxg4+ 41. hxg4 Bd4 42. Re6+ Kf7 43. Rd6 Bf6 44. g5 Bc3 45. f5 Be5 46. Rd7+ Ke8 47. Rb7 Kf8 48. Ke4 Bc3 49. Kd5 Bd2 50. Ke6 Bf4 51. Ra7 1-0


[Site "https://www.chess.com"]

[Event "Titled Tuesday Blitz May 4 2021"]
[White "Indjic, Aleksandar"]
[Black "Bellahcene, Bilel"]
[WhiteFideId "911925"]
[BlackFideId "696358"]
[WhiteElo "2591"]
[BlackElo "2493"]
[Result "1-0"]
[Round "10"]
[TimeControl "180+1"]
[Date "2021.05.04"]
[WhiteClock "0:01:42"]
[BlackClock "0:01:26"]

1. d4 e6 2. c4 b6 3. a3 Bb7 4. Nc3 Nf6 5. Nf3 Ne4 6. Nxe4 Bxe4 7. Bf4 Be7 8. e3 O-O 9. Bd3 Bxd3 10. Qxd3 d6 11. h4 Nd7 12. Ng5 Nf6 13. O-O-O d5 14. cxd5 exd5 15. Be5 g6 16. h5 h6 17. hxg6 hxg5 18. g7 1-0


[Site "https://www.chess.com"]

[Event "Titled Tuesday Blitz May 4 2021"]
[White "Iniyan, P"]
[Black "Bortnyk, Olexandr"]
[WhiteFideId "25002767"]
[BlackFideId "14120828"]
[WhiteElo "2400"]
[BlackElo "2723"]
[Result "1-0"]
[Round "10"]
[TimeControl "180+1"]
[Date "2021.05.04"]
[WhiteClock "0:00:10"]
[BlackClock "0:00:04"]

1. d4 d6 2. c4 e5 3. Nf3 e4 4. Nfd2 f5 5. e3 g6 6. Nc3 Bh6 7. b4 Nf6 8. a4 c6 9. Be2 d5 10. b5 O-O 11. Ba3 Rf7 12. g3 Be6 13. Qb3 Nbd7 14. c5 a6 15. b6 Ng4 16. Nd1 Bg7 17. h3 Ngf6 18. Qc2 h6 19. Nb3 Nf8 20. Na5 Qd7 21. h4 Ng4 22. Kd2 g5 23. Kc3 f4 24. hxg5 hxg5 25. Rh5 fxg3 26. fxg3 Nh7 27. Kb3 Nxe3 28. Nxe3 Bxd4 29. Rah1 Bxe3 30. Bb2 Rd8 31. Ka3 Bf5 32. Nb3 Qe7 33. Qc3 d4 34. Qb4 d3 35. Bd1 Be6 36. Qc3 Rg7 37. Rxh7 Rxh7 38. Qh8+ Rxh8 39. Rxh8+ Kf7 40. Bh5# 1-0


[Site "https://www.chess.com"]

[Event "Titled Tuesday Blitz May 4 2021"]
[White "Ivanov, Mike"]
[Black "Velickovic, Zoran"]
[WhiteFideId "2613158"]
[BlackFideId "14601184"]
[WhiteElo "2197"]
[BlackElo "2337"]
[Result "1-0"]
[Round "10"]
[TimeControl "180+1"]
[Date "2021.05.04"]
[WhiteClock "0:00:44"]
[BlackClock "0:00:02"]

1. e4 c5 2. Nf3 g6 3. d4 cxd4 4. Qxd4 Nf6 5. e5 Nc6 6. Qa4 Nd5 7. Qb3 Nc7 8. Bf4 Ne6 9. Be3 Bg7 10. Nc3 Nxe5 11. Nxe5 Bxe5 12. O-O-O O-O 13. h4 d6 14. h5 a5 15. hxg6 hxg6 16. Qc4 f5 17. Qh4 Bg7 18. Bc4 b5 19. Bd5 Rb8 20. Ne2 Rf6 21. Bd4 Kf7 22. Nf4 Ke8 23. Nxe6 Bxe6 24. Bxe6 Rxe6 25. Bxg7 Kd7 26. Rhe1 Rxe1 27. Rxe1 Qc7 28. Rxe7+ 1-0


[Site "https://www.chess.com"]

[Event "Titled Tuesday Blitz May 4 2021"]
[White "Janaszak, Dawid"]
[Black "Krivonosov, Oleg"]
[WhiteFideId "1119206"]
[BlackFideId "11600349"]
[WhiteElo "2332"]
[BlackElo "2469"]
[Result "1/2-1/2"]
[Round "10"]
[TimeControl "180+1"]
[Date "2021.05.04"]
[WhiteClock "0:00:15"]
[BlackClock "0:00:07"]

1. e4 e5 2. d4 exd4 3. Qxd4 Nc6 4. Qc4 Nf6 5. Nc3 Bb4 6. Bd2 O-O 7. O-O-O d6 8. f3 Be6 9. Qe2 Re8 10. Nh3 Bxh3 11. gxh3 d5 12. Rg1 d4 13. Bh6 g6 14. Nb1 Bf8 15. Bg5 Qd6 16. Nd2 Qe6 17. Qc4 Nh5 18. Nb3 Rad8 19. Qxe6 fxe6 20. Bxd8 Rxd8 21. Bc4 Kf7 22. c3 Ne5 23. Bb5 d3 24. f4 Nxf4 25. Rgf1 Bh6 26. Nd4 Ke7 27. Kb1 c6 28. Ba4 c5 29. Nf3 Nc4 30. Rfe1 Ng2 31. Rg1 Nge3 32. Bb5 Nxd1 33. Rxd1 Ne3 34. Rxd3 Rxd3 35. Bxd3 Ng2 36. e5 Nf4 37. Be4 b6 38. h4 Bg7 39. Kc2 Nd5 40. Kd3 Nf4+ 41. Ke3 Nd5+ 42. Kd3 Nf4+ 43. Ke3 Nd5+ 44. Kd3 1/2-1/2


[Site "https://www.chess.com"]

[Event "Titled Tuesday Blitz May 4 2021"]
[White "Jian, Alex"]
[Black "Rios Parra, Alejandro"]
[WhiteFideId "30901022"]
[BlackFideId "4400348"]
[WhiteElo "2084"]
[BlackElo "2188"]
[Result "0-1"]
[Round "10"]
[TimeControl "180+1"]
[Date "2021.05.04"]
[WhiteClock "0:00:01"]
[BlackClock "0:00:09"]

1. d4 Nf6 2. c4 e6 3. Nc3 c5 4. d5 exd5 5. cxd5 d6 6. Nf3 g6 7. Bf4 a6 8. a4 Nbd7 9. h3 Qc7 10. Nd2 Rb8 11. e4 Be7 12. Be2 O-O 13. O-O Re8 14. Re1 Bf8 15. Bf1 Ne5 16. Bh2 g5 17. Nc4 Nxc4 18. Bxc4 h6 19. Qf3 Nd7 20. Qh5 Bg7 21. f4 Nf6 22. Qf3 g4 23. hxg4 Nxg4 24. Bg3 h5 25. Rad1 Bd7 26. e5 b5 27. axb5 axb5 28. Ba2 b4 29. Ne4 dxe5 30. d6 Qb6 31. fxe5 c4+ 32. Kh1 Nxe5 33. Bxe5 Rxe5 34. Bxc4 Bg4 35. Qxf7+ Kh8 36. Nf6 Rf8 37. Nxg4 Rxe1+ 38. Rxe1 Rxf7 39. Bxf7 Qxd6 40. Bxh5 Bxb2 0-1


[Site "https://www.chess.com"]

[Event "Titled Tuesday Blitz May 4 2021"]
[White "Jobava, Baadur"]
[Black "Jarovinsky, Alexey"]
[WhiteFideId "13601520"]
[BlackFideId "14115131"]
[WhiteElo "2748"]
[BlackElo "2446"]
[Result "1-0"]
[Round "10"]
[TimeControl "180+1"]
[Date "2021.05.04"]
[WhiteClock "0:00:57"]
[BlackClock "0:00:01"]

1. d4 e6 2. Nc3 Bb4 3. Bf4 d5 4. e3 c5 5. Nf3 Qa5 6. Rb1 Bxc3+ 7. bxc3 Qxc3+ 8. Qd2 Qxd2+ 9. Nxd2 cxd4 10. exd4 Nc6 11. c4 Nxd4 12. Be5 Nf5 13. cxd5 f6 14. Bb5+ Kf8 15. Bb2 exd5 16. Bd3 Nge7 17. O-O Kf7 18. Rfe1 b6 19. Ba3 Rd8 20. g4 Nd6 21. Rbc1 Rd7 22. Bxh7 Bb7 23. g5 Rh8 24. Bc2 Ng6 25. Bxd6 Rxd6 26. Bf5 Rc6 27. Rxc6 Bxc6 28. Be6+ Kf8 29. Rc1 Ne7 30. Nf3 fxg5 31. Ne5 Rh6 32. Bg4 Rd6 33. Kf1 d4 34. Ke2 g6 35. Kd2 Kg7 36. Re1 Kf6 37. Bd1 Nd5 38. Bb3 Nf4 39. Ng4+ Kf5 40. Nh6+ Kf6 41. Ng8+ 1-0


[Site "https://www.chess.com"]